Map: Catalyst LE

Players

TheFluffy

  • Race: Zerg Zerg
  • League: Diamond
  • Spawn Location: 11:00

Hobbselite - Winner!

  • Race: Protoss Protoss
  • League: Diamond
  • Spawn Location: 5:00

VOD

Have the link to the VOD?

Description

interesting game

Time

  • Played on: March 3, 2018, 5:34 p.m.
  • Length: 13:32
Show
View Real Time Build Order
Export as new Build Order

TheFluffy Zerg 

Build Orders: Hatch First 

Get SALT Encoding   

  12  0:00  Drone  
  13  0:17  Drone  
  13  0:20  Extractor, Drone  
  14  0:22  Extractor  
  14  0:23  Drone  
  13  1:33  Drone  
  13  1:34  Drone  
  13  1:36  Drone  
  13  1:55  Drone  
  7  2:28  Drone x2  
  6  2:41  Drone  
  7  2:52  Drone  
  8  3:01  Drone  
  9  3:08  Drone  
  10  3:15  Drone  
  10  3:29  Drone  
  3  3:57  Drone  
  4  4:14  Drone  
  5  4:26  Drone  
  6  4:39  Drone  
  7  4:47  Drone  
  8  4:56  Drone  
  9  5:07  Drone  
  9  5:09  Drone  
  11  5:22  Drone x2  
  13  5:51  Hatchery  
  13  5:55  Drone  
  13  5:58  Extractor  
  12  6:04  Drone  
  12  6:07  Drone  
  14  6:27  Spawning Pool  
  13  6:33  Drone  
  14  6:41  Overlord  
  14  7:01  Drone x2  
  16  7:13  Queen  
  18  7:19  Queen  
  20  7:24  Zergling x2  
  21  7:36  Zergling x4  
  17  8:00  Drone  
  17  8:01  Drone x2  
  20  8:12  Drone x2  
  22  8:24  Drone x2  
  24  8:29  Drone  
  24  8:31  Drone  
  26  8:53  Roach Warren  
  26  8:55  Drone x2  
  27  9:05  Overlord  
  27  9:07  Drone  
  28  9:13  Overlord  
  28  9:17  Overlord  
  28  9:26  Drone  
  28  9:27  Drone x2  
  25  9:53  Drone x7  
  32  10:07  Evolution Chamber  
  32  10:10  Drone  
  32  10:11  Drone x3  
  35  10:19  Drone x3  
  38  10:26  Lair  
  38  10:52  Roach x4  
  38  10:53  Hatchery  
  45  11:03  Spine Crawler  
  44  11:04  Overlord  
  44  11:14  Zerg Missile Weapons Level 1  
  44  11:21  Overlord  
  44  11:24  Roach x3  
  44  11:25  Roach  
  52  11:29  Glial Reconstitution  
  52  11:31  Overlord  
  52  11:52  Hydralisk Den  
  49  12:21  Roach  
  49  12:22  Roach x10  
  37  12:49  Roach  
  37  12:50  Roach x4  
Show
View Real Time Build Order
Export as new Build Order

Hobbselite Protoss - Winner!

Build Orders:  

Get SALT Encoding   

  12  0:01  Probe  
  13  0:13  Probe  
  14  0:21  Pylon  
  14  0:25  Probe  
  15  0:39  Probe (Chrono Boost)  
  15  0:40  Gateway  
  16  0:48  Assimilator  
  16  0:52  Probe (Chrono Boost)  
  17  0:59  Probe (Chrono Boost)  
  18  1:06  Probe  
  19  1:18  Probe  
  6  1:44  Zealot (Chrono Boost)  
  6  2:03  Zealot (Chrono Boost)  
  5  2:30  Probe  
  6  2:47  Probe  
  7  3:11  Probe (Chrono Boost)  
  8  3:45  Probe  
  5  3:57  Probe  
  6  4:09  Probe (Chrono Boost)  
  7  4:22  Pylon  
  7  4:25  Probe (Chrono Boost)  
  8  4:36  Probe  
  9  4:57  Gateway  
  9  5:03  Probe  
  10  5:15  Probe (Chrono Boost)  
  11  5:26  Probe (Chrono Boost)  
  12  5:31  Probe (Chrono Boost)  
  13  5:42  Cybernetics Core  
  13  5:46  Probe  
  14  5:58  Probe  
  15  6:10  Probe  
  16  6:16  Warp Gate (Chrono Boost)  
  16  6:22  Adept  
  18  6:26  Probe  
  18  6:29  Pylon  
  19  6:38  Probe  
  19  6:39  Assimilator  
  20  6:45  Adept  
  22  6:50  Probe  
  23  7:02  Probe  
  24  7:14  Probe  
  25  7:16  Stargate  
  25  7:26  Probe  
  26  7:38  Probe  
  25  7:52  Probe  
  26  8:02  Nexus  
  26  8:04  Twilight Council  
  26  8:12  Shield Battery  
  26  8:15  Shield Battery  
  26  8:16  Oracle (Chrono Boost)  
  30  8:30  Pylon  
  29  8:35  Sentry  
  29  8:37  Charge (Chrono Boost)  
  31  8:52  Gateway  
  31  9:02  Probe (Chrono Boost)  
  32  9:09  Robotics Facility  
  32  9:13  Probe (Chrono Boost)  
  33  9:22  Gateway  
  33  9:24  Probe (Chrono Boost)  
  33  9:29  Probe (Chrono Boost)  
  35  9:35  Probe (Chrono Boost)  
  37  9:39  Probe (Chrono Boost)  
  34  9:58  Warp Prism (Chrono Boost)  
  36  10:03  Gateway  
  36  10:05  Gateway  
  36  10:06  Gateway  
  36  10:08  Gateway  
  36  10:12  Pylon  
  36  10:13  Probe  
  36  10:14  Probe  
  38  10:27  Pylon  
  38  10:32  Pylon  
  38  10:38  Phoenix  
  40  11:11  Zealot x4  
  48  11:28  Zealot x4, Pylon  
  48  11:30  Pylon  
  48  11:31  Zealot x2  
  48  11:32  Zealot x2  
  64  11:57  Zealot  
  64  11:58  Zealot x6  
  64  11:59  Zealot  
  78  12:26  Zealot x5  
  78  12:27  Zealot x3  
  92  12:47  Zealot x3  
  92  12:48  Zealot  
  92  12:49  Zealot  
  88  13:12  Zealot x3  
Tags
 
Add a new tag
Caveats
  • Supply blocks, unpowered buildings, or Contaminate may cause inaccurate times.
  • Supply counts are checked every 10 seconds.